Map: Terrassen von Prion

Players

fragleader - Winner!

  • Race: Protoss Protoss
  • League: Silver

Barbarossa

  • Race: Terran Terran
  • League: Silver

VOD

Have the link to the VOD?

Description

Time

  • Played on: Dec. 14, 2015, 2:39 p.m.
  • Length: 6:26
Show
View Real Time Build Order
Export as new Build Order

fragleader Protoss - Winner!

Build Orders:  

Get SALT Encoding   

  12  0:01  Probe (Chrono Boost)  
  13  0:12  Probe (Chrono Boost)  
  14  0:19  Pylon  
  14  0:22  Probe (Chrono Boost)  
  15  0:37  Probe (Chrono Boost)  
  15  0:41  Gateway  
  16  0:48  Probe (Chrono Boost)  
  17  0:55  Gateway  
  17  0:58  Probe (Chrono Boost)  
  18  1:08  Assimilator  
  18  1:09  Probe (Chrono Boost)  
  19  1:15  Pylon  
  19  1:19  Probe (Chrono Boost)  
  20  1:28  Cybernetics Core  
  20  1:38  Gateway  
  20  1:45  Pylon  
  20  1:46  Probe (Chrono Boost)  
  21  1:55  Gateway  
  21  1:58  Probe (Chrono Boost)  
  22  2:04  Warp Gate (Chrono Boost)  
  22  2:08  Assimilator  
  22  2:10  Probe  
  24  2:22  Probe  
  24  2:25  Pylon  
  22  3:11  Probe (Chrono Boost), Nexus  
  23  3:18  Pylon  
  23  3:23  Mothership Core (Chrono Boost)  
  23  3:25  Pylon  
  25  3:54  Probe  
  26  3:56  Stalker  
  26  3:57  Stalker x3  
  34  4:06  Probe  
  35  4:13  Forge  
  35  4:18  Zealot  
  35  4:20  Zealot  
  35  4:21  Zealot x2  
  43  4:32  Probe x2  
  45  4:44  Probe  
  46  4:46  Stalker  
  46  4:51  Stalker  
  46  4:52  Stalker  
  50  4:53  Zealot  
  52  5:13  Zealot  
  52  5:14  Zealot x2  
  58  5:21  Stalker  
  52  5:50  Stalker, Pylon  
  52  5:54  Stalker  
  41  6:16  Nexus  
Show
View Real Time Build Order
Export as new Build Order

Barbarossa Terran 

Build Orders:  

Get SALT Encoding   

  12  0:02  SCV  
  13  0:17  Supply Depot, SCV  
  14  0:29  SCV  
  15  0:41  SCV, Barracks  
  16  0:47  Refinery  
  16  0:54  SCV  
  17  1:03  Supply Depot  
  17  1:09  SCV  
  18  1:21  SCV  
  19  1:29  Marine  
  20  1:35  Barracks  
  20  1:37  Orbital Command  
  20  1:53  Marine  
  21  1:54  Factory  
  21  2:00  Refinery  
  21  2:02  SCV  
  22  2:17  Marine  
  23  2:26  Barracks Tech Lab  
  23  2:28  SCV  
  24  2:40  SCV  
  25  2:48  Marine  
  27  2:53  SCV  
  26  3:06  Barracks Reactor  
  26  3:12  Supply Depot  
  26  3:13  SCV  
  27  3:22  Siege Tank  
  27  3:26  Barracks Reactor  
  30  3:34  Command Center  
  30  3:37  SCV  
  30  3:38  Engineering Bay  
  31  3:43  Marine x2  
  33  4:01  Marine x2  
  35  4:04  SCV  
  35  4:06  Supply Depot  
  36  4:10  Missile Turret  
  36  4:16  SCV  
  37  4:21  Marine x2  
  39  4:27  Marine x2  
  39  4:28  SCV  
  42  4:33  Missile Turret  
  42  4:34  Supply Depot  
  42  4:39  Marine  
  42  4:42  Marine  
  44  4:48  Refinery  
  44  4:56  Missile Turret  
  44  4:59  Siege Tank  
  45  5:07  Marine  
  45  5:08  Marine  
  46  5:24  Marine x2  
Tags
 
Add a new tag
Caveats
  • Supply blocks, unpowered buildings, or Contaminate may cause inaccurate times.
  • Supply counts are checked every 10 seconds.